 Dungeon Crawl Stone Soup version 0.28.0 (webtiles) character file.

Game seed: 705791677203153279

51016 Hasart the Carver (level 13, -1/108 HPs)
             Began as a Demigod Fighter on Feb 12, 2022.
             Engulfed by a cloud of freezing vapour (14 damage)
             ... in an ice cave.
             The game lasted 00:57:27 (25271 turns).

Hasart the Carver (Demigod Fighter)                Turns: 25271, Time: 00:57:28

Health: -1/108     AC: 15    Str: 25    XL:     13   Next: 87%
Magic:  5/18       EV: 16    Int: 10    God:
Gold:   895        SH: 19    Dex: 21    Spells: 8/14 levels left

rFire   . . .      SeeInvis .   l - +2 scimitar (freeze)
rCold   . . .      Faith    .   k - +2 kite shield {AC+3}
rNeg    . . .      Spirit   .   N - +0 troll leather armour
rPois   .          Reflect  +   h - +0 helmet
rElec   .          Harm     .   I - +0 cloak
rCorr   +          Rampage  +   i - +1 pair of gloves {infuse}
Will    +....                   U - +0 pair of boots {rampage}
Stlth   ++........              M - amulet of reflection
HPRegen 1.08/turn               C - ring of resist corrosion
MPRegen 0.16/turn               (no ring)

@: mighty, on berserk cooldown, slowed, very slow
A: high MP 1, forlorn, divine attributes
a: no special abilities


You were in an ice cave.
You visited 4 branches of the dungeon, and saw 19 of its levels.
You also visited: Ossuary and Ice Cave.

You collected 1484 gold pieces.
You spent 589 gold pieces at shops.

Inventory:

Hand Weapons
 b - a +3 scimitar
 l - a +2 scimitar of freezing (weapon)
Missiles
 a - 10 poisoned darts
 o - 3 javelins
 r - 3 boomerangs
 L - 8 curare-tipped darts
 P - 3 silver boomerangs (quivered)
Armour
 e - a +3 scale mail of poison resistance
 h - a +0 helmet (worn)
 i - a +1 pair of gloves of infusion (worn)
 k - a +2 kite shield of protection (worn)
 u - a +1 ring mail of willpower
 I - a +0 cloak (worn)
 N - a +0 troll leather armour (worn)
 U - a +0 pair of boots of rampaging (worn)
Jewellery
 m - a +6 ring of intelligence
 t - a +6 ring of intelligence
 C - a ring of resist corrosion (left hand)
 M - an amulet of reflection (around neck)
Wands
 w - a wand of mindburst (4)
 y - a wand of iceblast (5)
 G - a wand of digging (7)
 J - a wand of polymorph (13)
 K - a wand of paralysis (6)
Scrolls
 j - 2 scrolls of amnesia
 p - 2 scrolls of fog
 B - 3 scrolls of enchant armour
 D - 3 scrolls of fear
 H - a scroll of blinking
 O - 4 scrolls of teleportation
 S - a scroll of enchant weapon
Potions
 c - 6 potions of curing
 d - a potion of might
 f - 2 potions of magic
 g - 5 potions of attraction
 n - 4 potions of mutation
 q - 2 potions of flight
 v - 2 potions of degeneration
 z - 2 potions of lignification
 A - 3 potions of ambrosia
 E - 2 potions of brilliance
 Q - 3 potions of heal wounds
 R - a potion of cancellation
 T - a potion of resistance {unknown}
Miscellaneous
 F - a condenser vane


   Skills:
 + Level 8.7 Fighting
 * Level 12.0 Long Blades
 + Level 8.1 Throwing
 + Level 8.8 Armour
 + Level 8.1 Dodging
 + Level 8.9 Shields
 + Level 1.0 Spellcasting
 + Level 0.8 Transmutations
 + Level 0.9 Earth Magic
 + Level 8.0 Evocations


You had 8 spell levels left.
You knew the following spells:

 Your Spells              Type           Power      Damage    Failure   Level
a - Statue Form           Tmut/Erth      1%         N/A       100%        6

Your spell library contained the following spells:

 Spells                   Type           Power      Damage    Failure   Level
 Sandblast                Erth           4%         2d4       52%         1
 Animate Skeleton         Necr           0%         N/A       65%         1
 Pain                     Necr           0%         1d4       65%         1
 Passwall                 Tmut/Erth      1%         N/A       67%         2
 Corpse Rot               Necr/Air       0%         N/A       80%         2
 Poisonous Vapours        Pois/Air       0%         N/A       80%         2
 Static Discharge         Conj/Air       0%         N/A       80%         2
 Stone Arrow              Conj/Erth      2%         3d7       92%         3
 Confusing Touch          Hex            0%         N/A       95%         3
 Portal Projectile        Hex/Tloc       0%         N/A       95%         3
 Vampiric Draining        Necr           0%         2d6       95%         3
 Petrify                  Tmut/Erth      2%         N/A       99%         4
 Dispel Undead            Necr           0%         3d6       100%        4
 Sticky Flame             Conj/Fire      0%         2d3       100%        4
 Blade Hands              Tmut           1%         N/A       100%        5
 Excruciating Wounds      Necr           0%         N/A       100%        5
 Metabolic Englaciation   Hex/Ice        0%         N/A       100%        5
 Yara's Violent Unravell  Hex/Tmut       0%         3d3       100%        5
 Enfeeble                 Hex            0%         N/A       100%        7


Dungeon Overview and Level Annotations

Branches:
Dungeon (12/15)            Temple (1/1) D:6            Lair (4/6) D:8
  Snake (0/4) Lair:3          Orc (2/2) D:12            Elf (0/3) Orc:2
Ossuary (visited)           IceCv (1/1)
  Swamp: Lair:2-4    Shoals: Lair:2-4

Shops:
D:7 [(   Orc:1 !   Orc:2 [[?:[

Annotations:
D:3 3 runed translucent doors, braks's ghost, amateur DjFE
Orc:1 2 runed translucent doors, exclusion: orange crystal statue


Innate Abilities, Weirdness & Mutations

You have an increased reservoir of magic. (+10% MP)
You shall have no god before yourself.
Your divine heritage dramatically boosts your attributes as you level up.


Message History

The reaper is almost dead.
You are engulfed in freezing vapours.
The wolf simulacrum bites you but does no damage.
The reaper hits you with a +2 scythe of freezing!!
The reaper freezes you!
Unknown command.
You closely miss the reaper.
The reaper is severely wounded.
You are engulfed in freezing vapours.
Unknown command.
You slash the reaper!
The reaper is almost dead.
You are engulfed in freezing vapours.
* * * LOW HITPOINT WARNING * * *
You block the wolf simulacrum's attack. You block the reaper's attack.
Unknown command.
You slash the reaper!
You kill the reaper!
You are engulfed in freezing vapours.
* * * LOW HITPOINT WARNING * * *
You block the wolf simulacrum's attack.
Your Spellcasting skill increases to level 1!
Your Evocations skill increases to level 8!
Unknown command.
You are engulfed in freezing vapours.
* * * LOW HITPOINT WARNING * * *
You block the wolf simulacrum's attack.
Unknown command.
You feel a strong urge to attack something.
You are engulfed in freezing vapours.
* * * LOW HITPOINT WARNING * * *
You are no longer berserk.
You are exhausted.
You feel yourself slow down.
Things that are here:
a +2 scythe of freezing; a +0 robe of cold resistance; a ring of ice You slice the wolf simulacrum!!
The wolf simulacrum vaporises!
You are engulfed in freezing vapours.
You die...

###..☼....###..###
#..#.#.....#..##[.
#○.#.##......##...
##☼§#☼.###...###...
##..§§....#.#.# #..÷
## #..§§.§...#...#
##..
#).#..####...#...#
##.#
#[....°°○........#
#..#
.#.°@°○.....#..###...
#.##§#.#..##..#≈#...
# #○°#.##.#...≈≈...#
#§§##..#....#≈≈#..#
##. ...##..##≈##..#
## .... ..####..##
..... ## ##...# ....
#...## .## ##..##


There were no monsters in sight!

Vanquished Creatures
  A reaper (IceCv)
  6 hydras
  2 ogre magi (Orc:2)
  A catoblepas (Lair:2)
  14 two-headed ogres
  2 orc high priests (Orc:2)
  A skeletal warrior (D:8)
  3 deep trolls
  9 orc knights
  An ugly thing (IceCv)
  2 orc sorcerers
  5 cyclopes
  2 ice statues (IceCv)
  3 black mambas
  3 cane toads
  7 komodo dragons
  An unseen horror (D:11)
  6 ice devils
  An entropy weaver simulacrum (IceCv)
  A polar bear (Lair:3)
  A hornet (D:8)
  A meliai (D:8)
  14 trolls
  8 blink frogs
  Sigmund (D:5)
  A shadow (D:12)
  A wyvern (D:10)
  Eustachio (D:5)
  A basilisk (Lair:1)
  17 yaks
  A wraith (D:9)
  3 steam dragons
  A death yak simulacrum (IceCv)
  6 wargs
  3 acid dragons
  7 water moccasins
  22 orc warriors
  A sky beast (D:7)
  An ice beast (D:8)
  2 black bears
  2 necrophages
  24 ogres
  4 centaurs
  A kobold brigand (D:9)
  10 bullfrogs
  2 cane toad simulacra (IceCv)
  A scorpion (D:3)
  A two-headed ogre simulacrum (IceCv)
  5 water moccasin zombies
  2 elephant simulacra (IceCv)
  3 killer bees (D:7)
  5 howler monkeys
  10 wights
  2 bullfrog zombies (D:5)
  4 centaur zombies
  3 hounds
  16 orc priests
  4 jellies
  An iron imp (D:3)
  3 iguanas
  17 orc wizards
  A polar bear simulacrum (IceCv)
  2 spriggan simulacra (IceCv)
  4 troll simulacra (IceCv)
  A wolf simulacrum (IceCv)
  2 mummies (Ossuary)
  A howler monkey zombie (D:9)
  2 howler monkey skeletons
  6 adders
  2 shadow imps
  4 white imps
  5 ufetubi
  2 adder skeletons (D:5)
  3 adder zombies (Ossuary)
  2 worms (D:2)
  3 dart slugs
  62 orcs
  7 ball pythons
  4 bats
  4 endoplasms
  4 giant cockroaches
  8 goblins
  10 hobgoblins
  5 jackals (D:1)
  3 quokkas
  2 frilled lizards
  2 gnoll zombies (Ossuary)
  6 hobgoblin zombies (Ossuary)
  11 kobolds
  9 kobold zombies (Ossuary)
  5 orc zombies (Ossuary)
  6 rats
472 creatures vanquished.

Vanquished Creatures (others)
  A centaur (D:6)
  A hound (D:6)
  An orc wizard (Orc:2)
  6 fungi
  10 plants
19 creatures vanquished.

Grand Total: 491 creatures vanquished

Notes
Turn   | Place    | Note
-------+----------+-------------------------------------------
     0 | D:1      | Hasart the Demigod Fighter began the quest for the Orb.
     0 | D:1      | Reached XP level 1. HP: 18/18 MP: 3/3
   143 | D:1      | Reached skill level 2 in Long Blades
   297 | D:1      | Reached XP level 2. HP: 25/25 MP: 4/4
   505 | D:1      | Reached XP level 3. HP: 17/30 MP: 5/5
  1630 | D:2      | Reached skill level 1 in Dodging
  1873 | D:3      | Noticed a scorpion
  1961 | D:3      | Killed a scorpion
  1962 | D:3      | Reached skill level 3 in Long Blades
  1962 | D:3      | Reached XP level 4. HP: 38/38 MP: 6/6
  2043 | D:3      | Found a runed translucent gate.
  2044 | D:3      | Found a runed translucent gate.
  2045 | D:3      | Found a runed translucent gate.
  2045 | D:3      | Noticed a kobold brigand
  2046 | D:3      | Noticed braks's ghost (amateur DjFE)
  2406 | D:3      | Noticed a necrophage
  2427 | D:3      | Killed a necrophage
  2428 | D:3      | Reached skill level 1 in Throwing
  2428 | D:3      | Reached XP level 5. HP: 41/45 MP: 7/7
  3216 | D:4      | Noticed a steam dragon
  3240 | D:4      | Killed a steam dragon
  3241 | D:4      | Reached XP level 6. HP: 4/51 MP: 8/8
  3816 | D:4      | Reached skill level 4 in Long Blades
  3816 | D:4      | Reached skill level 1 in Evocations
  4426 | D:5      | Entered Level 5 of the Dungeon
  4426 | D:5      | Noticed Sigmund
  4441 | D:5      | Noticed Eustachio
  4466 | D:5      | Noticed a water moccasin
  4468 | D:5      | Killed Sigmund
  4469 | D:5      | Reached XP level 7. HP: 46/58 MP: 9/9
  5074 | D:5      | Killed Eustachio
  5453 | D:5      | Reached skill level 5 in Long Blades
  5453 | D:5      | Reached XP level 8. HP: 62/66 MP: 10/10
  6339 | D:6      | Found a staircase to the Ecumenical Temple.
  6462 | Temple   | Entered the Ecumenical Temple
  6875 | D:6      | Noticed a two-headed ogre
  6910 | D:6      | Killed a two-headed ogre
  6911 | D:6      | Reached skill level 6 in Long Blades
  7051 | D:6      | Reached XP level 9. HP: 62/73 MP: 11/11
  7105 | D:6      | Reached skill level 5 in Armour
  7105 | D:6      | Reached skill level 5 in Shields
  7953 | D:7      | Reached skill level 5 in Fighting
  8083 | D:7      | Found a sand-covered staircase.
  8092 | Ossuary  | Entered an ossuary
  8316 | D:7      | Found Kaolif's Armour Emporium.
  8379 | D:7      | Bought a +3 scale mail of poison resistance for 322 gold
                  | pieces
  8506 | D:7      | Found Locleis's Weapon Emporium.
  9273 | D:7      | Reached skill level 7 in Long Blades
  9649 | D:8      | Found a staircase to the Lair.
 10083 | D:8      | Noticed a two-headed ogre
 10130 | D:8      | Killed a two-headed ogre
 10131 | D:8      | Reached XP level 10. HP: 48/82 MP: 13/13
 10318 | D:8      | Noticed a skeletal warrior
 11065 | D:9      | Reached skill level 5 in Dodging
 11494 | D:8      | Killed a skeletal warrior
 11495 | D:8      | Reached skill level 5 in Throwing
 11830 | D:8      | Reached skill level 8 in Long Blades
 12414 | D:10     | Entered Level 10 of the Dungeon
 12669 | D:10     | Noticed a two-headed ogre
 12701 | D:10     | Killed a two-headed ogre
 13065 | D:10     | Reached skill level 5 in Evocations
 13786 | D:10     | Reached XP level 11. HP: 74/89 MP: 14/14
 14265 | D:11     | Noticed a two-headed ogre
 14306 | D:11     | Killed a two-headed ogre
 15117 | D:12     | Reached skill level 9 in Long Blades
 15394 | D:12     | Noticed a two-headed ogre
 15402 | D:12     | Killed a two-headed ogre
 15451 | D:12     | Found a staircase to the Orcish Mines.
 16363 | Orc:1    | Entered Level 1 of the Orcish Mines
 16363 | Orc:1    | Found Peatestru's Distillery.
 16370 | Orc:1    | Noticed a sun demon
 16810 | Orc:1    | Found a runed translucent door.
 16830 | Orc:1    | Found the +10 tower shield of Ignorance {rN+ Int-4}
 16840 | Orc:1    | Found a runed translucent door.
 16861 | Orc:1    | Noticed an orange crystal statue
 17029 | Orc:2    | Entered Level 2 of the Orcish Mines
 17179 | Orc:2    | Noticed an orc knight
 17301 | Orc:1    | Killed an orc knight
 17366 | Orc:2    | Noticed a two-headed ogre
 17515 | Orc:1    | Killed a two-headed ogre
 17601 | Orc:2    | Noticed a deep troll
 17619 | Orc:2    | Killed a deep troll
 17631 | Orc:2    | Noticed an orc knight
 17666 | Orc:1    | Reached XP level 12. HP: 65/100 MP: 15/15
 17881 | Orc:1    | Reached skill level 10 in Long Blades
 18403 | Orc:2    | Found a staircase to the Elven Halls.
 18446 | Orc:2    | Found Ohemecex's Antique Armour Boutique.
 19254 | Orc:2    | HP: 1/101 [deep troll (14)]
 19808 | Orc:2    | Noticed an ogre mage
 19979 | Orc:2    | Killed an ogre mage
 20023 | Orc:2    | Reached skill level 11 in Long Blades
 20238 | Orc:1    | Reached XP level 13. HP: 78/107 MP: 16/16
 20622 | Orc:2    | Found Dexigur's Book Shoppe.
 20623 | Orc:2    | Found Zoqadd's Armour Shoppe.
 20705 | Orc:2    | Found Mylliri's Armour Shop.
 20714 | Orc:2    | Found Fucem's Magic Scroll Emporium.
 20729 | Orc:2    | Paralysed by an ogre mage for 2 turns
 20767 | Orc:2    | Bought a scroll of teleportation for 36 gold pieces
 20827 | Orc:2    | Bought a +1 pair of gloves of infusion for 231 gold pieces
 20989 | Lair:1   | Entered Level 1 of the Lair of Beasts
 23520 | Lair:3   | Learned a level 6 spell: Statue Form
 23619 | Lair:3   | Found a staircase to the Snake Pit.
 24111 | Lair:4   | Found a frozen archway.
 24154 | IceCv    | Entered an ice cave
 24681 | IceCv    | Reached skill level 12 in Long Blades
 25243 | IceCv    | Noticed a reaper
 25268 | IceCv    | Killed a reaper
 25269 | IceCv    | Reached skill level 1 in Spellcasting
 25271 | IceCv    | Engulfed by a cloud of freezing vapour

Illustrated notes

Levels and vault maps discovered:
D:1:      dpeg_arrival_tiny_f, layout_rooms
D:2:      layout_loops_ring, hellmonk_ecumenical_altar_inner_sanctum,
          minmay_misc_feat_x
D:3:      layout_basic, slow_altar_2, gammafunk_ghost_nasty_kobolds
D:4:      nicolae_cairo_tiling_very_big, layout_gridville,
          chequers_temple_overflow_statue_of_worship, hangedman_decor_lopped
D:5:      layout_rooms, serial_co_window_serial, co_window_of_opportunity_a,
          co_window_paths_b, co_window_corner_a, co_window_corner_a,
          co_window_of_opportunity_a, co_window_corner_cb, co_window_2corner,
          co_window_of_opportunity_c, co_window_cross_4, co_window_corner_b,
          glass_columns_c, glass_columns_a, glass_columns_b, glass_columns_a,
          glass_columns_c, uniq_eustachio, uniq_sigmund
D:6:      layout_basic, mainiacjoe_overflow_chevrons,
          minmay_temple_entry_large_hall
D:7:      layout_basic, mainiacjoe_overflow_alcove_4, kennysheep_mini_moat,
          enter_ossuary_1, serial_shops, nicolae_shop_advertising_works
          [nicolae_subvault_shop_adworks], shop
D:8:      layout_cave_pools, good_gods_temple_1, trog_book,
          mainiacjoe_overflow_concentric_impassable, lair_entry_dummy,
          kennysheep_diamond, minmay_three_doors
D:9:      layout_rooms, nicolae_dithmenos_shadow_blocks, lemuel_flamethrower_1
D:10:     layout_grid_maze
D:11:     layout_loops_ring, zin_treasury
D:12:     layout_irregular_city, erik_orc_3
Temple:   jpeg_temple_island
Lair:1:   layout_cave_pods
Lair:2:   layout_regular_city
Lair:3:   layout_gridlike, dummy_snake_entry, grunt_megastairs_4
Lair:4:   layout_layer_cave, minmay_shoals_entry_hut,
          portal_ice_cave_demonic_guard, ebering_ghost_funeral_grove,
          grunt_megastairs_2
Orc:1:    layout_diamond_mine, serial_shops, nicolae_shop_crystal,
          chequers_guarded_unrand_ignorance
Orc:2:    st_orc_open, layout_diamond_mine, guppyfry_orc_lava_fort
IceCv:    ice_cave_small_demon

Skill      XL: |  1  2  3  4  5  6  7  8  9 10 11 12 13 |
---------------+----------------------------------------+-----
Long Blades    | 2 3 4 5 6 7 8 9 11 12 | 12.0
Fighting       | 3 4 5 6 7 8 |  8.7
Armour         | 3 4 5 6 7 8 |  8.8
Dodging        | 1 2 3 4 5 6 7 8 |  8.1
Shields        | 3 4 5 6 7 8 |  8.9
Throwing       | 1 2 3 4 5 6 7 8 |  8.1
Evocations     | 1 2 3 4 5 6 7 8 |  8.0
Spellcasting   | 1 |  1.0
Transmutations | |  0.8
Earth Magic    | |  0.9

Action                   |  1- 3 |  4- 6 |  7- 9 | 10-12 | 13-15 || total
-------------------------+-------+-------+-------+-------+-------++-------
Melee: Long sword        |   132 |   150 |   209 |       |       ||   491
       Scimitar          |       |       |   286 |  1044 |   507 ||  1837
Throw: Dart              |     3 |    16 |    16 |   119 |     6 ||   160
       Javelin           |       |       |     4 |       |       ||     4
       Boomerang         |       |       |       |    36 |   104 ||   140
Evoke: Wand              |       |     1 |     1 |     2 |     3 ||     7
       Condenser vane    |       |       |       |     1 |       ||     1
  Use: Scroll            |       |     6 |     6 |     1 |    10 ||    23
       Potion            |       |     1 |     1 |     3 |     4 ||     9
 Stab: Sleeping          |       |     1 |     2 |     1 |     1 ||     5
       Petrified         |       |       |       |       |     3 ||     3
Armor: Scale mail        |    48 |    52 |    50 |   118 |       ||   268
       Steam dragon scal |       |    16 |    72 |       |       ||    88
       Ring mail         |       |       |    74 |       |       ||    74
       Troll leather arm |       |       |       |   293 |   100 ||   393
       Skin              |       |       |       |       |     6 ||     6
Dodge: Dodged            |    54 |    57 |   219 |   550 |   225 ||  1105
Block: Buckler           |    41 |       |       |       |       ||    41
       Kite shield       |     3 |   101 |   399 |   852 |   426 ||  1781
       Reflection        |       |       |       |       |     5 ||     5
